 Dungeon Crawl Stone Soup version 0.24.0-13-gcf9b319 (webtiles) character file.

Game seed: 3838937577991985930, levelgen mode: deterministic

6425 Bronimir the Firebug (level 10, -1/85 (87) HPs)
             Began as a Naga Fire Elementalist on Apr 20, 2020.
             Was an Elder of Cheibriados.
             Slain by a death yak (18 damage)
             ... on level 11 of the Dungeon.
             The game lasted 00:30:25 (13700 turns).

Bronimir the Firebug (Naga Fire Elementalist)      Turns: 13700, Time: 00:30:25

HP:   -1/85 (87)    AC: 16    Str: 29    XL:     10   Next: 98%
MP:   16/16         EV: 18    Int: 26    God:    Cheibriados [****..]
Gold: 365           SH:  0    Dex: 29    Spells: 5/17 levels left

rFire    . . .     SeeInvis +   a - +0 glaive
rCold    . . .     Gourm    .   (shield currently unavailable)
rNeg     . . .     Faith    .   B - +1 ring mail
rPois    +         Spirit   .   e - +2 helmet
rElec    .         Reflect  .   x - +2 cloak
rCorr    .         Harm     .   u - +1 pair of gloves
MR       +....                  (no barding)
Stlth    ++++......             (no amulet)
HPRegen  0.24/turn              h - ring of wizardry
MPRegen  0.15/turn              l - +6 ring of strength (curse)

@: agile, very slow
A: large, see invisible, agile 1, deformed body, poison resistance, slowness 2,
slow metabolism 1, spit poison 1, sturdy frame 1, AC +3
a: Spit Poison, Bend Time, Temporal Distortion, Slouch, Renounce Religion


You were on level 11 of the Dungeon.
You worshipped Cheibriados.
Cheibriados was greatly pleased with you.
You were very hungry.

You visited 2 branches of the dungeon, and saw 12 of its levels.

You collected 501 gold pieces.
You spent 136 gold pieces at shops.

Inventory:

Hand Weapons
 a - a +0 glaive (weapon)
 b - a +0 shortbow
 v - a +1 short sword of flaming
Missiles
 d - 220 stones
 i - 106 sling bullets
 k - 240 arrows
 t - 30 poisoned darts (quivered)
 z - 108 bolts
Armour
 e - a +2 helmet (worn)
 m - a +0 leather armour
 n - a +0 robe
 s - a +0 cloak
 u - a +1 pair of gloves (worn)
 x - a +2 cloak (worn)
 B - a +1 ring mail (worn)
 H - the cursed +1 chain mail of the Doge {rElec rCorr, unknown}
   (You found it on level 8 of the Dungeon)

   It insulates you from electricity.
   It provides partial protection from all sources of acid and corrosion.
   It has a curse placed upon it.
Jewellery
 h - a ring of wizardry (left hand)
 l - a cursed +6 ring of strength (right hand)
 q - an uncursed ring of ice
 A - an uncursed ring of fire
Wands
 f - a wand of paralysis (13)
 p - a wand of flame (34)
Scrolls
 g - 2 scrolls of remove curse
 j - 2 scrolls of amnesia
 o - 2 scrolls of magic mapping
 r - 5 scrolls of identify
 y - 2 scrolls of fear
 C - a scroll of fog
 E - a scroll of immolation {unknown}
 G - a scroll of blinking
Potions
 w - a potion of cancellation {unknown}
Comestibles
 c - 15 rations


   Skills:
 * Level 4.9 Fighting
 * Level 6.8 Polearms
   Level 0.3(0.6) Slings
 + Level 3.1 Bows
 + Level 0.7(0.8) Throwing
 * Level 4.8 Armour
 * Level 4.3 Dodging
 + Level 4.2 Stealth
 + Level 4.4 Spellcasting
 * Level 4.4 Conjurations
 - Level 3.0 Transmutations
 * Level 6.8 Fire Magic
 * Level 4.6 Invocations
 + Level 1.4 Evocations


You had 5 spell levels left.
You knew the following spells:

 Your Spells              Type           Power        Failure   Level  Hunger
a - Flame Tongue          Conj/Fire      #####        1%          1    None
b - Throw Flame           Conj/Fire      #####.       1%          2    None
c - Conjure Flame         Conj/Fire      #####...     1%          3    ##.....
d - Sticky Flame          Conj/Fire      #####...     4%          4    ####...
e - Sticks to Snakes      Tmut           ###.....     1%          2    None

Your spell library contained the following spells:

 Spells                   Type           Power        Failure   Level  Hunger
 Beastly Appendage        Tmut           ###...       1%          1    None
 Inner Flame              Hex/Fire       ###.....     2%          3    ##.....
 Spider Form              Tmut/Pois      ##........   6%          3    ##.....
 Fireball                 Conj/Fire      #####.....   11%         5    #####..
 Ice Form                 Ice/Tmut       ##......     21%         4    ####...
 Blade Hands              Tmut           ###.......   30%         5    #####..


Dungeon Overview and Level Annotations

Branches:
Dungeon (11/15)            Temple (1/1) D:4
   Lair: D:8-11         Orc: D:9-12

Altars:
Ashenzari
Cheibriados
Dithmenos
Elyvilon
Fedhas
Gozag
Hepliaklqana
Kikubaaqudgha
Makhleb
Nemelex Xobeh
Okawaru
Qazlal
Ru
Sif Muna
Trog
Uskayaw
Vehumet
Wu Jian
Xom
Yredelemnul
Zin
The Shining One

Shops:
D:4 %![   D:5 *   D:7 :

Annotations:
D:3 2 runed translucent doors, Sin92's ghost, weakling DsFi


Innate Abilities, Weirdness & Mutations

You cannot wear boots.
Your serpentine skin is tough. (AC +3)
You have supernaturally acute eyesight. (SInv)
Armour fits poorly on your strangely shaped body.
Your system is resistant to poisons. (rPois)
You cover ground very slowly.
You have a slow metabolism.
You can spit poison.
You are agile. (Dex +2)
Your movements are slightly less encumbered by armour. (ER -2)


Message History

The death yak gores you but does no damage. x2
A two-headed ogre comes into view.
It is wielding a +0 giant club and a -2 giant spiked club.
The komodo dragon hisses angrily.
The death yak bellows!
The death yak snorts and paws the ground.
The death yak gores you but does no damage.
The two-headed ogre shouts in stereo!
The death yak gores you but does no damage.
The death yak misses you. x2
The death yak gores you but does no damage.
The death yak gores you but does no damage.
The death yak gores you. The death yak gores you!!
There is a stone staircase leading down, spattered with blood here.
The death yak completely misses you. The death yak gores you!
You climb downwards.
There is a stone staircase leading up here.
You feel agile all of a sudden. The death yak completely misses you.
The death yak gores you!!
* * * LOW HITPOINT WARNING * * *
The death yak gores you!!
You die...

#######
+YYY..#
#.@...#
#.....#
#.....#
#.....#
###...#
...#
####


You could see 3 death yaks.

Vanquished Creatures
  2 two-headed ogres (D:9)
  2 centaur zombies (D:9)
  Maurice (D:8)
  A hornet (D:9)
  A hippogriff (D:7)
  A hungry ghost (D:10)
  2 orc warriors
  A black bear (D:7)
  2 ice beasts
  2 sky beasts
  2 necrophages
  A phantom (D:9)
  3 ogres
  5 centaurs
  6 bullfrogs
  A big kobold (D:9)
  A scorpion (D:9)
  3 wights (D:7)
  2 bullfrog zombies
  6 crimson imps
  A hound (D:7)
  3 centaur skeletons
  3 orc priests
  2 jellies
  4 orc wizards
  A gnoll shaman (D:6)
  2 iguanas (D:4)
  Crazy Yiuf (D:5)
  3 bullfrog skeletons
  8 worker ants
  A hound skeleton (D:7)
  2 worker ant zombies (D:6)
  15 gnolls
  17 adders
  2 shadow imps
  An ooze (D:2)
  An adder zombie (D:7)
  2 adder skeletons
  2 worms (D:2)
  6 dart slugs
  3 leopard geckos
  18 orcs
  4 ball pythons
  7 bats
  3 giant cockroaches
  6 goblins
  7 hobgoblins
  9 jackals
  11 quokkas
  4 frilled lizards
  11 kobolds
  A quokka zombie (D:9)
  7 rats
213 creatures vanquished.

Notes
Turn   | Place    | Note
-------+----------+-------------------------------------------
     0 | D:1      | Bronimir the Naga Fire Elementalist began the quest for the
                  | Orb.
     0 | D:1      | Reached XP level 1. HP: 15/15 MP: 3/3
    90 | D:1      | Reached XP level 2. HP: 20/22 MP: 0/5
   920 | D:1      | Reached XP level 3. HP: 26/28 MP: 6/6
   950 | D:1      | Learned a level 2 spell: Throw Flame
   955 | D:1      | Learned a level 3 spell: Conjure Flame
  1808 | D:2      | Reached XP level 4. HP: 35/36 MP: 4/7
  2770 | D:3      | Reached skill level 1 in Polearms
  2936 | D:3      | Reached XP level 5. HP: 35/42 MP: 2/8
  3296 | D:3      | Found a runed translucent door.
  3296 | D:3      | Noticed Sin92's ghost (weakling DsFi)
  3562 | D:3      | Found an opulent altar of Gozag.
  3694 | D:3      | Found a runed translucent door.
  3781 | D:4      | Found Nuobonas's Food Boutique.
  4247 | D:4      | Reached XP level 6. HP: 49/50 MP: 10/10
  4454 | D:4      | Found a staircase to the Ecumenical Temple.
  4468 | Temple   | Entered the Ecumenical Temple
  4605 | Temple   | Became a worshipper of Cheibriados the Contemplative
  4863 | D:4      | Found Qaotam's Antique Armour Shoppe.
  4872 | D:4      | Bought a ripped robe for 136 gold pieces
  4882 | D:4      | Identified the +1 robe "Sanne Vyro" {-Cast *Corrode +Fly
                  | Dex+7} (You bought it in a shop on level 4 of the Dungeon)
  5040 | D:4      | Reached skill level 1 in Fighting
  5040 | D:4      | Reached skill level 1 in Armour
  5118 | D:4      | Learned a level 4 spell: Sticky Flame
  5289 | D:4      | Found Zuashrykh's Distillery.
  5609 | D:5      | Entered Level 5 of the Dungeon
  5663 | D:5      | Reached XP level 7. HP: 57/57 MP: 11/11
  6041 | D:5      | Reached * piety under Cheibriados
  6157 | D:5      | Found Mounytor's Assorted Antiques.
  6190 | D:5      | Found a runed translucent door.
  6191 | D:5      | Noticed Crazy Yiuf
  6225 | D:5      | Killed Crazy Yiuf
  7729 | D:7      | Reached skill level 1 in Invocations
  7729 | D:7      | Reached XP level 8. HP: 23/66 MP: 4/13
  8016 | D:6      | Reached skill level 5 in Fire Magic
  8097 | D:6      | Reached ** piety under Cheibriados
  8377 | D:6      | HP: 1/68 [gnoll/+0 spear (4)]
  9154 | D:6      | Learned a level 2 spell: Sticks to Snakes
  9355 | D:7      | Reached XP level 9. HP: 56/76 MP: 7/14
  9552 | D:7      | Reached *** piety under Cheibriados
  9570 | D:7      | Found Obearrirr's Book Shop.
  9583 | D:7      | Reached skill level 1 in Bows
 10297 | D:7      | Found a glowing golden altar of the Shining One.
 10393 | D:7      | Reached skill level 1 in Transmutations
 10510 | D:7      | Reached skill level 1 in Evocations
 10800 | D:8      | Found a glowing golden altar of the Shining One.
 10889 | D:8      | Noticed Maurice
 10898 | D:8      | Killed Maurice
 11002 | D:8      | Got a faintly glowing chain mail
 11016 | D:8      | Gained mutation: You are agile. (Dex +2) [potion of
                  | mutation]
 11016 | D:8      | Gained mutation: Your movements are slightly less
                  | encumbered by armour. (ER -2) [potion of mutation]
 11416 | D:8      | Reached **** piety under Cheibriados
 11494 | D:8      | Reached XP level 10. HP: 83/83 MP: 16/16
 11744 | D:9      | Found a burning altar of Makhleb.
 11775 | D:9      | Reached skill level 5 in Polearms
 12204 | D:9      | Noticed a two-headed ogre
 12214 | D:9      | Killed a two-headed ogre
 12903 | D:9      | Found a bloodstained altar of Trog.
 12903 | D:9      | Found an ornate altar of the Wu Jian Council.
 12915 | D:9      | Found a radiant altar of Vehumet.
 12917 | D:9      | Found a shattered altar of Ashenzari.
 12918 | D:9      | Found a hide-covered altar of Uskayaw.
 13014 | D:9      | Noticed a two-headed ogre
 13026 | D:9      | Killed a two-headed ogre
 13610 | D:10     | Entered Level 10 of the Dungeon
 13689 | D:10     | Noticed a death yak
 13689 | D:10     | Noticed a death yak
 13689 | D:10     | Noticed a death yak
 13690 | D:10     | Noticed a death yak
 13690 | D:10     | Noticed a death yak
 13694 | D:10     | Noticed a two-headed ogre
 13700 | D:11     | Slain by a death yak

Levels and vault maps discovered:
D:1:      matt_arrival_spirals, layout_basic, hangedman_decor_points
D:2:      layout_loops_corners
D:3:      layout_rooms, ebering_ghost_sewer_f, grunt_gozag_breadcrumbs
D:4:      layout_basic, minmay_temple_entry_mist, serial_shops, shop,
          nicolae_shop_competitors_out_of_business, nicolae_shop_behind_doors
D:5:      layout_basic, first_ration, serial_shops, nicolae_shop_trees,
          uniq_crazy_yiuf_cottage
D:6:      layout_basic, grunt_ministairs_11
D:7:      layout_loops_corners, basic_altar, serial_shops, nicolae_shop_trees,
          minmay_liquid_box, grunt_ogre_cave
D:8:      layout_cave_pools, tso_metal_star, uniq_maurice
D:9:      layout_irregular_city, chequers_temple_overflow_minitemple,
          minmay_misc_feat_hallway, bloody_makhleb
D:10:     minmay_twisted_water, layout_basic, dpeg_lair_monsters, serial_rivers,
          chequers_serial_rivers_micro_a, chequers_serial_rivers_micro_e,
          chequers_serial_rivers_small_b, chequers_serial_rivers_small_b,
          chequers_serial_rivers_marsh
D:11:     layout_irregular_city, orc_0_dummy, chequers_serial_rivers_large_b,
          nrook_mini_vaults, small_statue_intersection, grunt_ministairs_4,
          corexii_checkpoint_a, uniq_urug
Temple:   nicolae_temple_elliptical

Skill      XL: |  1  2  3  4  5  6  7  8  9 10 |
---------------+-------------------------------+-----
Dodging        | 2 3 4 |  4.3
Conjurations   | 2 3 4 |  4.4
Polearms       | 1 2 3 4 6 |  6.8
Fire Magic     | 4 5 6 |  6.8
Spellcasting   | 3 4 |  4.4
Fighting       | 1 2 3 4 |  4.9
Armour         | 1 2 3 4 |  4.8
Invocations    | 1 2 3 4 |  4.6
Bows           | 3 |  3.1
Transmutations | 2 3 |  3.0
Evocations     | 1 |  1.4
Stealth        | 4 |  4.2
Slings         | |  0.3
Throwing       | |  0.7

Action                   |  1- 3 |  4- 6 |  7- 9 | 10-12 || total
-------------------------+-------+-------+-------+-------++-------
Melee: Dagger            |    10 |       |       |       ||    10
       Unarmed           |     1 |       |       |       ||     1
       Spear             |    24 |   121 |    56 |       ||   201
       Halberd           |       |       |   106 |       ||   106
       Glaive            |       |       |    23 |    86 ||   109
 Fire: Hunting sling     |       |    10 |     3 |       ||    13
       Shortbow          |       |       |   111 |    14 ||   125
Throw: Stone             |     1 |       |       |       ||     1
       Dart              |       |     7 |     6 |     1 ||    14
 Cast: Flame Tongue      |    36 |    96 |   141 |    12 ||   285
       Sticky Flame      |       |       |     9 |    13 ||    22
       Throw Flame       |       |       |       |    13 ||    13
Invok: Bend Time         |       |       |     4 |     4 ||     8
 Abil: Spit Poison       |     8 |    23 |    40 |     6 ||    77
Evoke: Wand              |       |       |     1 |       ||     1
  Use: Scroll            |       |    10 |     3 |     1 ||    14
       Potion            |       |     2 |     9 |     1 ||    12
 Stab: Sleeping          |     2 |     4 |     7 |     1 ||    14
       Invisible         |       |       |     2 |       ||     2
  Eat: Chunk             |     3 |     7 |    10 |     2 ||    22
       Ration            |       |     1 |     2 |     2 ||     5
Armor: Robe              |    27 |    38 |       |       ||    65
       Ring mail         |       |    25 |     6 |    89 ||   120
       Leather armour    |       |     9 |   237 |       ||   246
Dodge: Dodged            |    34 |    89 |   278 |   105 ||   506
